 Dungeon Crawl Stone Soup version 0.28.0-53-g5a82cb258f (webtiles) character file.

Game seed: 3178711956850208378

138 hawla the Grave Robber (level 5, -7/28 HPs)
             Began as a Deep Elf Necromancer on Aug 17, 2022.
             Mangled by a gnoll
             ... wielding a +0 halberd
              (11 damage)
             ... on level 4 of the Dungeon on Aug 18, 2022.
             The game lasted 00:08:17 (3918 turns).

hawla the Grave Robber (Deep Elf Necromancer)       Turns: 3918, Time: 00:08:17

Health: -7/28      AC:  3    Str:  5    XL:     5   Next: 1%
Magic:  1/14       EV: 12    Int: 22    God:
Gold:   125        SH:  0    Dex: 15    Spells: 6/14 levels left

rFire   + . .      SeeInvis .   o - staff of fire
rCold   . . .      Faith    .   (no shield)
rNeg    . . .      Spirit   .   a - +1 robe
rPois   .          Reflect  .   (no helmet)
rElec   .          Harm     .   (no cloak)
rCorr   .          Rampage  .   (no gloves)
Will    .....                   (no boots)
Stlth   +.........              (no amulet)
HPRegen 0.09/turn               (no ring)
MPRegen 0.14/turn               (no ring)

@: lit by a corona, about to teleport, weak-willed, glowing
A: no striking features
a: no special abilities


You were on level 4 of the Dungeon.
You visited 1 branch of the dungeon, and saw 4 of its levels.

You collected 125 gold pieces.

Inventory:

Hand Weapons
 i - a +1 quarterstaff
Missiles
 h - 2 poisoned darts
 j - 6 silver boomerangs
Armour
 a - a +1 robe (worn)
Magical Staves
 o - a staff of fire (weapon)
Jewellery
 k - a ring of positive energy
 m - a ring of protection from fire
Scrolls
 c - a scroll of vulnerability
 d - 2 scrolls of teleportation
Potions
 g - a potion of resistance
 l - a potion of haste {unknown}
 p - a potion of brilliance {unknown}


   Skills:
 + Level 0.1 Fighting
 + Level 2.6 Dodging
 + Level 2.5 Stealth
 + Level 5.0 Spellcasting
 + Level 6.2 Necromancy
 - Level 1.0 Fire Magic
 * Level 0.2 Evocations


You had 6 spell levels left.
You knew the following spells:

 Your Spells              Type           Power      Damage    Failure   Level
a - Pain                  Necr           100%       1d9       1%          1
b - Vampiric Draining     Necr           33%        2d8       2%          3
c - Animate Dead          Necr           16%        N/A       8%          4

Your spell library contained the following spells:

 Spells                   Type           Power      Damage    Failure   Level
 Animate Skeleton         Necr           66%        N/A       1%          1
 Apportation              Tloc           10%        N/A       10%         1
 Agony                    Necr           33%        N/A       22%         5
 Alistair's Intoxication  Tmut/Pois      3%         N/A       95%         5


Dungeon Overview and Level Annotations

Branches:
Dungeon (4/15)
 Temple: D:4-7

Altars:

Annotations:
D:3 2 transporters


Message History

Aim: a gnoll shaman, wielding a +0 whip and wearing a +0 robe (almost dead)
You draw life force from the gnoll shaman!
You kill the gnoll shaman!
You feel life coursing into your body. The gnoll closely misses you.
The gnoll hits you from afar with a +0 halberd.
Training target 1.0 for Fire Magic reached!
Your Spellcasting skill increases to level 5!
Your Fire Magic skill increases to level 1!
You have reached level 5!
Casting: Vampiric Draining (dangerous; 2% risk of failure)
Confirm with . or Enter, or press ? or * to list all spells.
The spell is quite dangerous to miscast (8% risk of failure)!
Continue anyway?
You call on the dead to rise...
The dead are walking!
The gnoll hits you with a +0 whip of pain.
The gnoll misses you. x2
Your gnoll shaman zombie closely misses the gnoll.
The gnoll hits you with a +0 whip of pain.
Your gnoll shaman zombie hits the gnoll with a +0 whip.
The gnoll hits you from afar with a +0 halberd.
The gnoll hits you with a +0 whip of pain.
You writhe in agony.
* * * LOW HITPOINT WARNING * * *
The gnoll barely misses you.
The gnoll hits you with a +0 whip of pain.
* * * LOW HITPOINT WARNING * * *
The goblin shoots a sling bullet.
The sling bullet barely misses your gnoll shaman zombie.
The sling bullet barely misses the gnoll.
The sling bullet hits the gnoll!
There is an open door, spattered with blood here.
You feel better. The gnoll closely misses you. x2
Your gnoll shaman zombie hits the gnoll with a +0 whip!
The gnoll hits you from afar with a +0 halberd!
* * * LOW HITPOINT WARNING * * *
The gnoll closely misses you.
The goblin shoots a sling bullet.
The sling bullet hits your gnoll shaman zombie.
As you read the scroll of teleportation, it crumbles to dust.
You feel strangely unstable.
The gnoll hits you from afar with a +0 halberd!
You die...

#..
#.#
##'##
#...#
#.g.#
#.Z.#
#.g.#
#.g.#
##@##
#<#
#.#
#.#
#.#
#.#
###


You could see 2 gnolls, a goblin and a friendly gnoll shaman zombie.

Vanquished Creatures
  A gnoll shaman (D:4)
  5 gnolls
  An adder (D:2)
  A worm (D:2)
  A dart slug (D:3)
  An orc (D:3)
  2 bats
  3 endoplasms (D:1)
  4 hobgoblins
  5 quokkas
  5 ball pythons
  A frilled lizard (D:1)
  6 goblins
  4 kobolds
  6 rats
46 creatures vanquished.

Notes
Turn   | Place    | Note
-------+----------+-------------------------------------------
     0 | D:1      | hawla the Deep Elf Necromancer began the quest for the Orb.
     0 | D:1      | Reached XP level 1. HP: 10/10 MP: 6/6
   402 | D:1      | Reached skill level 5 in Necromancy
   697 | D:1      | Reached XP level 2. HP: 12/15 MP: 5/8
  1645 | D:1      | Reached XP level 3. HP: 1/19 MP: 4/10
  1933 | D:1      | Learned a level 3 spell: Vampiric Draining
  2350 | D:2      | Reached XP level 4. HP: 23/24 MP: 10/12
  2355 | D:2      | Learned a level 4 spell: Animate Dead
  2790 | D:2      | Reached skill level 6 in Necromancy
  2963 | D:3      | Found a transporter.
  3454 | D:3      | Noticed a kobold demonologist
  3457 | D:3      | Found a transporter.
  3910 | D:4      | Reached skill level 5 in Spellcasting
  3910 | D:4      | Reached skill level 1 in Fire Magic
  3910 | D:4      | Reached XP level 5. HP: 21/28 MP: 4/14
  3918 | D:4      | Mangled by a gnoll

Illustrated notes

Levels and vault maps discovered:
D:1:      sevenhm_arrival_forest_fort_small_4, layout_loops_ring
D:2:      layout_basic, eino_curves_04
D:3:      gammafunk_wand_slinger, layout_basic
D:4:      wander_river, layout_basic, minmay_temple_entry_ruins, uniq_robin

Skill      XL: |  1  2  3  4 |
---------------+-------------+-----
Necromancy     | 5 6 |  6.2
Spellcasting   | 4 5 |  5.0
Fire Magic     | 1 |  1.0
Fighting       | |  0.1
Dodging        | |  2.6
Stealth        | |  2.5
Evocations     | |  0.2

Action                   |  1- 3 |  4- 6 || total
-------------------------+-------+-------++-------
Melee: Unarmed           |     2 |     3 ||     5
       Quarterstaff      |       |     6 ||     6
 Cast: Pain              |    55 |    30 ||    85
       Vampiric Draining |     2 |     4 ||     6
       Animate Dead      |       |     5 ||     5
  Use: Scroll            |     4 |     5 ||     9
       Potion            |       |     1 ||     1
Armor: Robe              |     3 |     6 ||     9
Dodge: Dodged            |    17 |    22 ||    39
